 Dungeon Crawl Stone Soup version 0.30.1-3-gfc49f6343a (webtiles) character file.

Game seed: 6876548149191585089

1310 H0rd4k the Covert (level 8, -3/50 HPs)
             Began as an Octopode Artificer on July 31, 2023.
             Slain by an orc warrior
             ... wielding a +0 halberd
              (21 damage)
             ... on level 7 of the Dungeon.
             The game lasted 00:05:07 (6030 turns).

H0rd4k the Covert (Octopode Artificer)              Turns: 6030, Time: 00:05:07

Health: -3/50      AC:  1    Str: 11    XL:     8   Next: 58%
Magic:  8/8        EV: 14    Int: 16    God:
Gold:   457        SH:  0    Dex: 12    Spells: 7/7 levels left

rFire   . .          .
                       - Unarmed
rCold   . . .        (no shield)
rNeg    . . .        (helmet restricted)
rPois   .            (no amulet)
rElec   .            (no ring)
rCorr   .            (no ring)
SInv    .            (no ring)
Will    .....        (no ring)
Stlth   +++++        (no ring)
HPRegen 0.28/turn    (no ring)
MPRegen 0.11/turn    (no ring)
                     (no ring)

%: no passive effects
@: no status effects
A: almost no armour, amphibious, 8 rings, camouflage 1, gelatinous body 1,
(nimble swimmer 1), tentacles
a: no special abilities


You were on level 7 of the Dungeon.
You visited 2 branches of the dungeon, and saw 8 of its levels.

You collected 457 gold pieces.

Inventory:

Missiles
 l - 4 poisoned darts
Jewellery
 j - a ring of fire
Wands
 b - a wand of flame (45) (quivered)
 c - a wand of charming (12)
 q - a wand of mindburst (4)
 y - a wand of light (7)
 B - a wand of polymorph (13)
Scrolls
 a - 3 scrolls of fog {unknown}
 d - a scroll of enchant armour {unknown}
 g - a scroll of brand weapon {unknown}
 h - 5 scrolls of teleportation {unknown}
 i - 2 scrolls of amnesia {unknown}
 k - 5 scrolls of identify {unknown}
 m - 2 scrolls of noise {unknown}
 n - a scroll of silence {unknown}
 o - 4 scrolls of blinking {unknown}
 r - 3 scrolls of poison {unknown}
 s - a scroll of magic mapping {unknown}
 u - a scroll of torment {unknown}
 w - 2 scrolls of vulnerability {unknown}
 A - a scroll of immolation {unknown}
Potions
 e - 2 potions of mutation {unknown}
 f - 2 potions of attraction {unknown}
 p - a potion of berserk rage {unknown}
 t - 3 potions of magic {unknown}
 x - a potion of curing {unknown}
 z - 2 potions of resistance {unknown}
Miscellaneous
 v - a piece from Xom's chessboard (15/15)


   Skills:
 + Level 2.2 Fighting
 + Level 4.4 Dodging
 + Level 8.2 Stealth
 + Level 5.6 Unarmed Combat
 + Level 5.5 Evocations


You had 7 spell levels left.
You didn't know any spells.
Your spell library contained the following spells:

 Spells                   Type           Power      Damage    Failure   Level
 Summon Small Mammal      Summ           0%         N/A       26%         1
 Blink                    Tloc           0%         N/A       36%         2
 Cigotuvi's Dreadful Rot  Necr/Pois/Air  0%         N/A       36%         2
 Lesser Beckoning         Tloc           0%         N/A       36%         2
 Momentum Strike          Conj/Tloc      0%         3d8       36%         2
 Call Canine Familiar     Summ           0%         N/A       58%         3
 Gell's Gravitas          Tloc           0%         N/A       58%         3
 Hailstorm                Conj/Ice       0%         3d3       58%         3
 Ignite Poison            Fire/Tmut/Pois 0%         N/A       58%         3
 Summon Guardian Golem    Hex/Summ       0%         N/A       58%         3
 Teleport Other           Tloc           0%         N/A       58%         3
 Ice Form                 Ice/Tmut       0%         N/A       94%         4
 Freezing Cloud           Conj/Ice/Air   0%         6-21      100%        5
 Dispersal                Tloc           0%         N/A       100%        6
 Simulacrum               Ice/Necr       0%         N/A       100%        6
 Summon Cactus Giant      Summ           0%         N/A       100%        6
 Animate Armour           Summ/Erth      Unusable   N/A       N/A         4

Dungeon Overview and Level Annotations

Branches:
Dungeon (7/15)             Temple (1/1) D:5

Altars:
Ashenzari
Cheibriados
Dithmenos
Elyvilon
Fedhas
Nemelex Xobeh
Qazlal
Ru
Sif Muna
Uskayaw
Vehumet
Wu Jian
Xom
Zin

Shops:
D:6 *

Annotations:
D:2 1 runed translucent door, Crazy Yiuf
D:4 1 runed translucent door, exclusion: door, Merkmiralles's ghost, amateur MiBe
D:5 1 exclusion


Innate Abilities, Weirdness & Mutations

You cannot wear most types of armour.
You are amphibious.
You can wear up to eight rings at the same time.
Your skin changes colour to match your surroundings (Stealth+).
Your rubbery body absorbs attacks. (AC +1, EV +1)
((You are camouflaged when in or above water. (Stealth+)))
You have tentacles for arms and can constrict up to eight enemies at once.


Message History

Things that are here:
a +0 short sword; a +0 ring mail You climb downwards.
There is a stone staircase leading up here.
Found a robe.
An orc comes into view. It is wielding a +0 whip.
An orc is nearby!
An orc is nearby!
An orc comes into view. It is wielding a +0 dagger.
There are monsters nearby!
The orc throws a boomerang.
The boomerang barely misses you.
An orc warrior comes into view. It is wielding a +0 halberd.
The orc closely misses you.
You completely miss the orc. Your grab misses the orc.
The orc warrior shouts!
You hear a bark!
You tentacle-slap the orc. You grab the orc.
The orc is almost dead.
You constrict the orc.
You kill the orc!
You bludgeon the orc!
You kill the orc!
A hound comes into view.
The orc warrior barely misses you.
You see here a +0 dagger.
You tentacle-slap the orc warrior but do no damage.
Your grab misses the orc warrior.
Your tentacle-slap misses the orc warrior.
Your squeeze misses the orc warrior.
The orc warrior hits you with a +0 halberd!
You tentacle-slap the orc warrior. You grab the orc warrior.
You squeeze the orc warrior, but do no damage.
The orc warrior is lightly wounded.
You constrict the orc warrior.
The orc warrior hits you with a +0 halberd!!
You tentacle-slap the orc warrior but do no damage.
You squeeze the orc warrior, but do no damage.
The orc warrior is lightly wounded.
You constrict the orc warrior, but do no damage.
The orc warrior hits you with a +0 halberd!!
You die...

.. #.####
#....#
#....#+###
#####........#
.............#
......ho.....#
.......@.....#
........)....#
#####........#
###........#
#<#........#
#.#.[........
#............
#.####.#.....
+.. .#.....


You could see an orc warrior and a hound.

Vanquished Creatures
  Maggie (D:6)
  Eustachio (D:4)
  Duvessa (D:6)
  A black bear (D:5)
  An ice beast (D:6)
  A centaur (D:6)
  A bullfrog (D:6)
  A scorpion (D:4)
  Dowan (D:6)
  A hound (D:5)
  Terence (D:2)
  2 iguanas (D:5)
  A gnoll (D:6)
  7 adders
  An ufetubus (D:6)
  A worm (D:3)
  6 dart slugs
  3 orcs
  9 ball pythons
  12 endoplasms
  2 giant cockroaches
  8 hobgoblins
  3 jackals (D:3)
  7 quokkas
  3 bats
  2 frilled lizards (D:1)
  7 goblins
  7 kobolds
  2 rats (D:2)
  A butterfly (D:5)
95 creatures vanquished.

Vanquished Creatures (collateral kills)
  A gnoll bouda (D:6)
  3 gnolls (D:6)
4 creatures vanquished.

Vanquished Creatures (others)
  A hound (D:6)
1 creature vanquished.

Grand Total: 100 creatures vanquished

Notes
Turn   | Place    | Note
-------+----------+-------------------------------------------
     0 | D:1      | H0rd4k the Octopode Artificer began the quest for the Orb.
     0 | D:1      | Reached XP level 1. HP: 13/13 MP: 1/1
   223 | D:1      | Reached XP level 2. HP: 7/18 MP: 2/2
   377 | D:1      | Reached XP level 3. HP: 23/23 MP: 3/3
   501 | D:1      | Reached skill level 2 in Stealth
   575 | D:1      | Found a faded altar of an unknown god.
  1195 | D:2      | Noticed Terence
  1208 | D:2      | Killed Terence
  1209 | D:2      | Reached skill level 1 in Unarmed Combat
  1209 | D:2      | Reached XP level 4. HP: 15/28 MP: 4/4
  1389 | D:2      | Found a runed translucent door.
  1390 | D:2      | Noticed Crazy Yiuf
  1554 | D:2      | Reached skill level 3 in Stealth
  1985 | D:3      | Found a radiant altar of Vehumet.
  2147 | D:3      | Reached XP level 5. HP: 28/33 MP: 5/5
  2862 | D:4      | Noticed Eustachio
  2872 | D:4      | Killed Eustachio
  2873 | D:4      | Reached skill level 4 in Stealth
  2873 | D:4      | Reached XP level 6. HP: 35/39 MP: 6/6
  3004 | D:4      | Got the Monograph on Apparitions and Degeneration
  3033 | D:4      | Found a sacrificial altar of Ru.
  3305 | D:4      | Found a glowing silver altar of Zin.
  3519 | D:4      | Found a runed translucent door.
  3519 | D:4      | Noticed Merkmiralles's ghost (amateur MiBe)
  3705 | D:5      | Entered Level 5 of the Dungeon
  3756 | D:5      | Found a staircase to the Ecumenical Temple.
  3776 | D:5      | Found a shimmering altar of Xom.
  3783 | Temple   | Entered the Ecumenical Temple
  3955 | D:5      | Reached skill level 5 in Stealth
  4082 | D:5      | Noticed a moth of wrath
  4237 | D:5      | Noticed a black bear
  4244 | D:5      | Killed a black bear
  4245 | D:5      | Reached XP level 7. HP: 38/44 MP: 7/7
  4440 | D:5      | Found a large runed translucent door.
  4441 | D:5      | Found a large runed translucent door.
  4788 | D:5      | Reached skill level 6 in Stealth
  4815 | D:5      | Found a shimmering blue altar of Sif Muna.
  4818 | D:5      | Found an ornate altar of the Wu Jian Council.
  4885 | D:6      | Noticed Maggie
  4895 | D:6      | Killed Maggie
  4896 | D:6      | Reached skill level 7 in Stealth
  4896 | D:6      | Reached XP level 8. HP: 8/50 MP: 8/8
  4914 | D:6      | Found a broken altar of Ashenzari.
  5111 | D:6      | Found Loemunt's General Store.
  5168 | D:6      | Noticed Dowan
  5273 | D:6      | Reached skill level 5 in Unarmed Combat
  5273 | D:6      | Reached skill level 5 in Evocations
  5381 | D:6      | Found a hide-covered altar of Uskayaw.
  5381 | D:6      | Noticed a +0 dagger
  5381 | D:6      | Noticed a +0 hand axe
  5387 | D:6      | Noticed Duvessa
  5394 | D:6      | Killed Duvessa
  5436 | D:6      | Killed Dowan
  5735 | D:6      | Reached skill level 8 in Stealth
  6030 | D:7      | Slain by an orc warrior

Illustrated notes

Levels and vault maps discovered:
D:1:      dpeg_arrival_stone_temple_mockup, layout_loops_cross,
          dreamdust_ecumenical_altar_angels_and_demons, serial_bayou_pond_a,
          nicolae_eternal_life
D:2:      layout_rooms, uniq_terence, uniq_crazy_yiuf_cottage
D:3:      layout_basic, vehumet_altar_wand_db
D:4:      layout_loops_ring, amcnicky_altar_gilded,
          mainiacjoe_overflow_cross_hatched, gammafunk_ghost_grave,
          uniq_eustachio
D:5:      layout_gridville, tgw_trog, xom_butterflies, jmf_multi_god_temple2,
          minmay_temple_entry_overgrown, kennysheep_generic_room_12
D:6:      layout_gridville, ashenzari_altar_1, dancing_weapons_uskayaw,
          serial_shops, nicolae_shop_tiny_statue_garden, uniq_maggie,
          uniq_duvessa
D:7:      layout_basic, makhleb_altar_promises_db
Temple:   nicolae_temple_bog_church

Skill      XL: |  1  2  3  4  5  6  7  8 |
---------------+-------------------------+-----
Evocations     | 4 5 |  5.5
Stealth        | 2 3 4 5 7 8 |  8.2
Dodging        | 3 4 |  4.4
Unarmed Combat | 1 3 4 5 |  5.6
Fighting       | 2 |  2.2

Action                     |  1- 3 |  4- 6 |  7- 9 || total
---------------------------+-------+-------+-------++-------
  Melee: Unarmed           |    96 |   116 |    33 ||   245
         Tentacles         |    27 |    29 |     6 ||    62
         Constrict         |    22 |    26 |     6 ||    54
         Punch             |       |     6 |       ||     6
  Evoke: Wand              |     6 |     3 |    19 ||    28
         Piece from Xom's  |       |       |     1 ||     1
   Stab: Sleeping          |     6 |    14 |     2 ||    22
         Distracted        |       |       |     1 ||     1
 Armour: Skin              |    11 |     7 |     1 ||    19
  Dodge: Dodged            |    61 |    84 |    43 ||   188
